 Dungeon Crawl Stone Soup version 0.31-a0-1405-g2bb1a01664 (webtiles) character file.

Game seed: 8961885773516905000

335 BigPumpCobain the Chopper (level 6, -4/53 (56) HPs)
             Began as a Minotaur Fighter on Dec 25, 2023.
             Succumbed to a water moccasin's poison
             ... on level 4 of the Dungeon.
             The game lasted 00:03:35 (2897 turns).

BigPumpCobain the Chopper (Minotaur Fighter)        Turns: 2897, Time: 00:03:36

HP:   -4/53 (56)    AC: 10    Str: 23    XL:     6   Next: 28%
MP:   5/5           EV:  9    Int:  5    God:
Gold: 162           SH:  0    Dex:  9    Spells: 5/5 levels left

rFire   . . .        a - +0 war axe
rCold   . . .        c - +0 buckler
rNeg    . . .        b - +0 scale mail
rPois   .            (helmet restricted)
rElec   .            (no cloak)
rCorr   .            (no gloves)
SInv    .            j - +2 pair of boots {rampage}
Will    .....        (no amulet) Stlth
                     (no ring)
HPRegen 0.28/turn    (no ring)
MPRegen 0.09/turn

%: rampage
@: confused, lethally poisoned (-4 -> -21), drained
A: horns 2, retaliatory headbutt
a: no special abilities


You were on level 4 of the Dungeon.
You visited 1 branch of the dungeon, and saw 5 of its levels.

You collected 162 gold pieces.

Inventory:

Hand Weapons
 a - a +0 war axe (weapon)
Armour
 b - a +0 scale mail (worn)
 c - a +0 buckler (worn)
 j - a +2 pair of boots of rampaging (worn)
Jewellery
 n - an amulet of faith
Wands
 m - a wand of mindburst (7)
Scrolls
 e - 4 scrolls of enchant armour
 g - a scroll of enchant weapon
 p - a scroll of identify
 r - a scroll of teleportation {unknown}
 s - a scroll of revelation {unknown}
 u - a scroll of noise {unknown}
 v - a scroll of vulnerability {unknown}
 w - a scroll of poison {unknown}
Potions
 d - 4 potions of might
 f - a potion of curing
 h - a potion of degeneration {unknown}
 i - a potion of heal wounds {unknown}
 k - a potion of mutation {unknown}
 l - a potion of brilliance {unknown}
 o - 2 potions of resistance {unknown}
 q - a potion of haste {unknown}
 t - 2 potions of ambrosia {unknown}


   Skills:
 + Level 5.0 Fighting
 * Level 5.4 Axes
 + Level 4.9 Armour
 + Level 5.0 Shields


You had 5 spell levels left.
You didn't know any spells.
Your spell library contained the following spells:

 Spells                   Type           Power      Damage    Failure   Level
 Cigotuvi's Dreadful Rot  Necr/Alch/Air  0%         N/A       93%         2
 Ensorcelled Hibernation  Hex/Ice        0%         N/A       93%         2
 Passwall                 Alch/Erth      0%         N/A       93%         2
 Swiftness                Air            0%         N/A       99%         3
 Ignite Poison            Fire/Alch      0%         N/A       100%        4
 Freezing Cloud           Conj/Ice/Air   0%         6-21      100%        5


Dungeon Overview and Level Annotations

Branches:
Dungeon (5/15)
 Temple: D:4-7

Altars:
Ashenzari
Elyvilon
Fedhas


Innate Abilities, Weirdness & Mutations

You have a pair of horns on your head.
You reflexively headbutt those who attack you in melee.


Message History

You are too confused!
You are too confused!
You're too confused to attack without stumbling around!
You're too confused to attack without stumbling around!
You closely miss the water moccasin. You completely miss something.
You slash the sleepcap! The water moccasin bites you.
You are poisoned.
The water moccasin poisons you! The water moccasin bites you.
You are more poisoned.
The water moccasin poisons you! Something hits you.
You feel drained. The sleepcap releases spores at you.
You are engulfed in a cloud of soporific spores!
You fall asleep.
You feel very sick. The water moccasin bites you!
You wake up.
You are lethally poisoned!
The water moccasin poisons you! Something hits you but does no damage.
You feel drained.
The sleepcap releases spores at you but does no damage.
You barely miss the sleepcap.
The sleepcap is heavily damaged.
You barely miss the water moccasin. You miss something.
* * * LOW HITPOINT WARNING * * *
You feel extremely sick.
The water moccasin completely misses you.
The water moccasin barely misses you.
The sleepcap releases spores at you but does no damage.
Something hits you but does no damage.
You feel drained.
* * * LOW HITPOINT WARNING * * *
You feel very sick.
The water moccasin bites you but does no damage.
The sleepcap closely misses you.
You hear some strange, mumbled words.
A puff of flame appears from out of thin air!
The puff of flame hits you!
* * * LOW HITPOINT WARNING * * *
The water moccasin bites you but does no damage.
You climb upwards.
Reactivating autopickup.
You die...

....................#..### #.
.........................########
.....รท##......##...........##...#
......###......##...[.)....##....
#.......##......#........#.##....
##.......###..#..........#.......
#........................##......
..........###..fS.......[........
#..............#@................
....#.........##........#........
....#.#................##...#....
......#...#......................
..........##...#.#.#.##..........
...........##..#...#..#..#.......
...........##..#..##....###...#..
.....>......#.....##..........##.
.................###.####........


You could see a water moccasin and a sleepcap.

Vanquished Creatures
  A phantom (D:4)
  A howler monkey (D:4)
  A bombardier beetle (D:4)
  2 orc wizards
  Robin (D:3)
  A gnoll (D:4)
  4 adders
  2 dart slugs
  6 orcs
  3 ball pythons
  5 endoplasms
  3 giant cockroaches
  7 hobgoblins
  3 kobolds
  A bat (D:1)
  2 frilled lizards (D:2)
  12 goblins
  4 rats
59 creatures vanquished.

Vanquished Creatures (others)
  An orc wizard (D:4)
1 creature vanquished.

Grand Total: 60 creatures vanquished

Notes
Turn   | Place    | Note
-------+----------+-------------------------------------------
     0 | D:1      | BigPumpCobain the Minotaur Fighter began the quest for the
                  | Orb.
     0 | D:1      | Reached XP level 1. HP: 19/19 MP: 0/0
   195 | D:1      | Found a faded altar of an unknown god.
   926 | D:2      | Reached XP level 2. HP: 20/27 MP: 1/1
  1079 | D:2      | Reached XP level 3. HP: 33/33 MP: 2/2
  1359 | D:3      | Noticed Robin
  1372 | D:3      | Killed Robin
  1373 | D:3      | Reached XP level 4. HP: 16/40 MP: 3/3
  1532 | D:3      | Found a white marble altar of Elyvilon.
  1649 | D:3      | Found a blossoming altar of Fedhas.
  1931 | D:4      | Noticed a phantom
  1942 | D:4      | Killed a phantom
  1943 | D:4      | Reached XP level 5. HP: 8/47 MP: 4/4
  2177 | D:4      | Reached skill level 5 in Axes
  2247 | D:4      | Reached XP level 6. HP: 26/55 MP: 5/5
  2735 | D:4      | Found a broken altar of Ashenzari.
  2881 | D:5      | Entered Level 5 of the Dungeon
  2888 | D:5      | Noticed a water moccasin
  2893 | D:5      | Reached skill level 5 in Fighting
  2893 | D:5      | Reached skill level 5 in Shields
  2896 | D:5      | HP: 1/53 [something/puff of flame (9)]
  2897 | D:4      | Succumbed to a water moccasin's poison

Illustrated notes

Levels and vault maps discovered:
D:1:      ncdulo_wetmaze, layout_basic, dreamdust_ecumenical_altar_statues,
          nicolae_figureground_pulse
D:2:      layout_rooms, grunt_decor_junction, roderic_roman_lattice
D:3:      layout_rooms, mainiacjoe_overflow_surrounded_room,
          mainiacjoe_overflow_alcove_2, uniq_robin
D:4:      layout_cave_pools, marbit_many_paths, nicolae_underground_beach
D:5:      layout_rooms, fiery_altar_vehumet, mainiacjoe_overflow_chevrons,
          serial_shops, shop, chequers_serial_rivers_large_b

Skill      XL: |  1  2  3  4  5  6 |
---------------+-------------------+-----
Axes           | 3 4 5 |  5.4
Shields        | 4 5 |  5.0
Fighting       | 4 5 |  5.0
Armour         | 4 |  4.9

Action                     |  1- 3 |  4- 6 || total
---------------------------+-------+-------++-------
  Melee: War axe           |    52 |    63 ||   115
         Headbutt          |     8 |    11 ||    19
    Use: Scroll            |     3 |       ||     3
         Potion            |       |     1 ||     1
 Armour: Scale mail        |    58 |    71 ||   129
  Dodge: Dodged            |    28 |    30 ||    58
  Block: Buckler           |    19 |     6 ||    25

Table legend: (Time is in decaauts)
 A = Elapsed time spent in this place.
 B = Non-inter-level travel time spent in this place.
 C = Inter-level travel time spent in this place.
 D = Time resting spent in this place.
 E = Time spent auto-exploring this place.
 F = Levels seen in this place.
 G = Mean time per level.
                   A        B        C        D        E       F      G
               +--------+--------+--------+--------+--------+-----+--------+
         Total |   2941 |   2849 |     92 |      0 |   2525 |   5 |  588.2 |
       Dungeon |   2941 |   2849 |     92 |      0 |   2525 |   5 |  588.2 |
               +--------+--------+--------+--------+--------+-----+--------+

Top non-repeatable levels by time:
     D:4: 992 daAuts
     D:1: 891 daAuts
     D:3: 603 daAuts
     D:2: 438 daAuts
     D:5: 16 daAuts
